| TOP OF THE 1ST |
|
Brooklyn Cyclones batting - Pitching for Buffalo Bisons : RHP Mac Suzuki
|
|
Pitching: RHP Mac Suzuki
|
|
|
Batting: RHB Onix Concepcion
|
0-0: Swinging Strike 0-1: Swinging Strike 0-2: Ball 1-2: Fly out, F9 (Flyball, 9, EV 90.0 MPH)
|
|
Batting: LHB Ray Giannelli
|
0-0: Called Strike 0-1: Ball 1-1: Called Strike 1-2: Ground out 4-3 (Groundball, 4, EV 106.3 MPH)
|
|
Batting: RHB Jed Hansen
|
0-0: Called Strike 0-1: Ball 1-1: Swinging Strike 1-2: Ball 2-2: Strikes out looking
|
| Top of the 1st over - 0 runs, 0 hits, 0 errors, 0 left on base; Brooklyn 0 - Buffalo 0 |
| BOTTOM OF THE 1ST |
|
Buffalo Bisons batting - Pitching for Brooklyn Cyclones : LHP Matt Perisho
|
|
Pitching: LHP Matt Perisho
|
|
|
Batting: SHB Roger Cedeno
|
0-0: Ball 1-0: Ground out 1-3 (Groundball, 13, EV 87.5 MPH)
|
|
Batting: RHB Manny Martinez
|
0-0: Ball 1-0: Ball 2-0: Ball 3-0: Ground out 4-3 (Groundball, 4, EV 82.5 MPH)
|
|
Batting: RHB Kevin Young
|
0-0: Called Strike 0-1: Swinging Strike 0-2: SOLO HOME RUN (Flyball, 7D, EV 104.4 MPH), Distance : 374 ft
|
|
Batting: LHB Matt Stairs
|
0-0: Foul Ball, location: 2F 0-1: Ball 1-1: Ball 2-1: Called Strike 2-2: Fly out, F8 (Flyball, 8LXD, EV 105.0 MPH)
|
| Bottom of the 1st over - 1 run, 1 hit, 0 errors, 0 left on base; Brooklyn 0 - Buffalo 1 |
| TOP OF THE 2ND |
|
Brooklyn Cyclones batting - Pitching for Buffalo Bisons : RHP Mac Suzuki
|
|
Batting: SHB Turner Ward
|
0-0: Fly out, F7 (Line Drive, 7, EV 85.6 MPH)
|
|
Batting: LHB Greg Blosser
|
0-0: Called Strike 0-1: Foul Ball, location: 2F 0-2: Ball 1-2: Fly out, F8 (Flyball, 8LM, EV 90.6 MPH)
|
|
Batting: RHB Brent Cookson
|
0-0: Ball 1-0: Ball 2-0: Called Strike 2-1: Fly out, F7 (Flyball, 78S, EV 87.5 MPH)
|
| Top of the 2nd over - 0 runs, 0 hits, 0 errors, 0 left on base; Brooklyn 0 - Buffalo 1 |
| BOTTOM OF THE 2ND |
|
Buffalo Bisons batting - Pitching for Brooklyn Cyclones : LHP Matt Perisho
|
|
Batting: RHB Eddie Zambrano
|
0-0: Foul Ball, location: 2F 0-1: Called Strike 0-2: Ball 1-2: Ball 2-2: Foul Ball, location: 2F 2-2: SINGLE (Flyball, 7LM, EV 91.9 MPH)
|
|
Batting: SHB Enrique Wilson
|
0-0: Fielders Choice at 2nd, 2-6 (Groundball, 2R, EV 76.3 MPH)
|
|
Batting: RHB Tim Spehr
|
0-0: Reached on error, E6 (Groundball, 6, EV 86.3 MPH) Enrique Wilson to second
|
|
Batting: SHB David Howard
|
0-0: Called Strike 0-1: Ball 1-1: SINGLE (Line Drive, 8RS, EV 96.9 MPH) Enrique Wilson to third Tim Spehr to second
|
|
Batting: RHB Robert Eenhoorn
|
0-0: Ball 1-0: SINGLE (Groundball, 4, EV 84.4 MPH) (infield hit) Enrique Wilson scores Tim Spehr to third David Howard to second
|
|
Batting: SHB Roger Cedeno
|
0-0: Ball 1-0: Ball 2-0: Ball 3-0: Called Strike 3-1: Called Strike 3-2: Base on Balls Tim Spehr scores David Howard to third Robert Eenhoorn to second
|
|
Pitching: RHP Todd Erdos
|
|
|
Batting: RHB Manny Martinez
|
0-0: Ball 1-0: Foul Ball, location: 2F 1-1: Foul Ball, location: 2F 1-2: Foul Ball, location: 2F 1-2: Ball 2-2: Ball 3-2: Base on Balls David Howard scores Robert Eenhoorn to third Roger Cedeno to second
|
|
Batting: RHB Kevin Young
|
0-0: Foul Ball, location: 2F 0-1: DOUBLE (Line Drive, 3D, EV 104.4 MPH) Robert Eenhoorn scores Roger Cedeno scores Manny Martinez to third Runner from 3rd tries for Home, SAFE, throw by RF to home
|
|
Batting: LHB Matt Stairs
|
0-0: Ground out 5-3 (Groundball, 56S, EV 82.5 MPH)
|
|
Batting: RHB Eddie Zambrano
|
0-0: Called Strike 0-1: Swinging Strike 0-2: Foul Ball, location: 2F 0-2: Fly out, F8 (Flyball, 8RM, EV 84.4 MPH)
|
| Bottom of the 2nd over - 6 runs, 4 hits, 1 error, 1 left on base; Brooklyn 0 - Buffalo 7 |
| TOP OF THE 3RD |
|
Brooklyn Cyclones batting - Pitching for Buffalo Bisons : RHP Mac Suzuki
|
|
Batting: RHB Pedro Castellano
|
0-0: Called Strike 0-1: Foul Ball, location: 2F 0-2: Fly out, F8 (Line Drive, 8RM, EV 91.3 MPH)
|
|
Batting: LHB Joe Siddall
|
0-0: Ball 1-0: Called Strike 1-1: SINGLE (Groundball, 4MD, EV 93.8 MPH)
|
|
Batting: RHB Alan Cockrell
|
0-0: Swinging Strike 0-1: Foul Ball, location: 2F 0-2: Ball 1-2: Strikes out swinging
|
|
Batting: RHB Onix Concepcion
|
0-0: Ball 1-0: Ball 2-0: Fly out, F9 (Flyball, 9LMF, EV 92.5 MPH)
|
| Top of the 3rd over - 0 runs, 1 hit, 0 errors, 1 left on base; Brooklyn 0 - Buffalo 7 |
| BOTTOM OF THE 3RD |
|
Buffalo Bisons batting - Pitching for Brooklyn Cyclones : RHP Todd Erdos
|
|
Batting: SHB Enrique Wilson
|
0-0: Ball 1-0: SINGLE (Groundball, 34D, EV 106.9 MPH)
|
|
Batting: RHB Tim Spehr
|
0-0: Swinging Strike 0-1: Foul Ball, location: 2F 0-2: Ball 1-2: Ball 2-2: Foul Ball, location: 2F 2-2: Ball 3-2: Foul Ball, location: 2F 3-2: Base on Balls Enrique Wilson to second
|
|
Pitching: RHP Curt Lyons
|
|
|
Batting: SHB David Howard
|
0-0: Ball 1-0: Swinging Strike 1-1: Ball 2-1: Ball 3-1: Fielders Choice at 2nd, 3-6 (Groundball, 34, EV 83.8 MPH) Enrique Wilson to third
|
|
Batting: RHB Robert Eenhoorn
|
0-0: Ball 1-0: Called Strike 1-1: Foul Ball, location: 2F 1-2: Ball 2-2: Foul Ball, location: 2F 2-2: Fly out, F9 (Flyball, 9S, EV 88.8 MPH)
|
|
Batting: SHB Roger Cedeno
|
0-0: Ball 1-0: Foul Ball, location: 2F 1-1: Foul Ball, location: 2F 1-2: Ball 2-2: SINGLE (Groundball, 56, EV 99.4 MPH) Enrique Wilson scores David Howard to second
|
|
Batting: RHB Manny Martinez
|
0-0: Called Strike 0-1: Ball 1-1: Foul Ball, location: 2F 1-2: Ball 2-2: SINGLE (Line Drive, 34D, EV 96.3 MPH) David Howard to third Roger Cedeno to second Runner from 3rd tries for Home, SAFE, no throw by RF
|
|
Pitching: RHP Steve Reed
|
|
|
Batting: RHB Kevin Young
|
0-0: Ball 1-0: Called Strike 1-1: Fielders Choice at 2nd, 6-4 (Groundball, 6, EV 100.0 MPH)
|
| Bottom of the 3rd over - 2 runs, 3 hits, 0 errors, 2 left on base; Brooklyn 0 - Buffalo 9 |
| TOP OF THE 4TH |
|
Brooklyn Cyclones batting - Pitching for Buffalo Bisons : RHP Mac Suzuki
|
|
Batting: LHB Ray Giannelli
|
0-0: Swinging Strike 0-1: Foul Ball, location: 2F 0-2: Ball 1-2: Ground out 4-3 (Groundball, 4, EV 86.9 MPH)
|
|
Batting: RHB Jed Hansen
|
0-0: Ball 1-0: Called Strike 1-1: Called Strike 1-2: Foul Ball, location: 2F 1-2: Ball 2-2: SOLO HOME RUN (Flyball, 7D, EV 108.8 MPH), Distance : 382 ft
|
|
Batting: SHB Turner Ward
|
0-0: Ball 1-0: Called Strike 1-1: Ground out 4-3 (Groundball, 4, EV 85.0 MPH)
|
|
Batting: LHB Greg Blosser
|
0-0: Ball 1-0: DOUBLE (Line Drive, 78M, EV 101.9 MPH)
|
|
Batting: RHB Brent Cookson
|
0-0: Foul Ball, location: 2F 0-1: Called Strike 0-2: Ball Wild Pitch! Greg Blosser to third 1-2: Fly out, F7 (Flyball, 78M, EV 91.3 MPH)
|
| Top of the 4th over - 1 run, 2 hits, 0 errors, 1 left on base; Brooklyn 1 - Buffalo 9 |
| BOTTOM OF THE 4TH |
|
Buffalo Bisons batting - Pitching for Brooklyn Cyclones : RHP Steve Reed
|
|
Batting: LHB Matt Stairs
|
0-0: Ball 1-0: Called Strike 1-1: Ball 2-1: Ball 3-1: Base on Balls
|
|
Batting: RHB Eddie Zambrano
|
0-0: Called Strike 0-1: Fly out, F8 (Line Drive, 8RM, EV 100.0 MPH)
|
|
Batting: SHB Enrique Wilson
|
0-0: Fielders Choice at 2nd, 4-6 (Groundball, 4M, EV 103.1 MPH)
|
|
Batting: RHB Tim Spehr
|
0-0: Swinging Strike 0-1: Foul Ball, location: 2F 0-2: Ball 1-2: Fly out, F8 (Flyball, 8RXD, EV 105.6 MPH)
|
| Bottom of the 4th over - 0 runs, 0 hits, 0 errors, 1 left on base; Brooklyn 1 - Buffalo 9 |
| TOP OF THE 5TH |
|
Brooklyn Cyclones batting - Pitching for Buffalo Bisons : RHP Mac Suzuki
|
|
Batting: RHB Pedro Castellano
|
0-0: Called Strike 0-1: Ground out 6-3 (Groundball, 6, EV 104.4 MPH)
|
|
Batting: LHB Joe Siddall
|
0-0: Fly out, F6 (Popup, 6S, EV 88.1 MPH)
|
|
Batting: RHB Alan Cockrell
|
0-0: SINGLE (Line Drive, 34, EV 102.5 MPH)
|
|
Batting: RHB Onix Concepcion
|
0-0: Called Strike 0-1: Ground out 4-3 (Groundball, 4S, EV 87.5 MPH)
|
| Top of the 5th over - 0 runs, 1 hit, 0 errors, 1 left on base; Brooklyn 1 - Buffalo 9 |
| BOTTOM OF THE 5TH |
|
Buffalo Bisons batting - Pitching for Brooklyn Cyclones : RHP Steve Reed
|
|
Batting: SHB David Howard
|
0-0: Ball 1-0: Ball 2-0: SINGLE (Line Drive, 89S, EV 95.0 MPH)
|
|
Batting: RHB Robert Eenhoorn
|
0-0: Called Strike 0-1: Foul Ball, location: 2F 0-2: Fly out, F7 (Flyball, 78S, EV 86.3 MPH)
|
|
Pitching: RHP Jose Cabrera
|
|
|
Batting: SHB Roger Cedeno
|
0-0: Ball 1-0: Ball 2-0: Foul Ball, location: 2F 2-1: Fly out, F7 (Flyball, 7LSF, EV 77.5 MPH)
|
|
Batting: RHB Manny Martinez
|
0-0: Ball Wild Pitch! David Howard to second 1-0: Ball 2-0: Ball 3-0: Called Strike 3-1: Foul Ball, location: 2F 3-2: Base on Balls
|
|
Batting: RHB Kevin Young
|
0-0: Ball 1-0: Called Strike 1-1: Foul Ball, location: 2F 1-2: Fly out, F8 (Flyball, 8LD, EV 72.5 MPH)
|
| Bottom of the 5th over - 0 runs, 1 hit, 0 errors, 2 left on base; Brooklyn 1 - Buffalo 9 |
| TOP OF THE 6TH |
|
Brooklyn Cyclones batting - Pitching for Buffalo Bisons : RHP Mac Suzuki
|
|
Batting: LHB Ray Giannelli
|
0-0: Ball 1-0: Foul Ball, location: 2F 1-1: Ball 2-1: Ball 3-1: Foul Ball, location: 2F 3-2: Base on Balls
|
|
Batting: RHB Jed Hansen
|
0-0: Foul Ball, location: 2F 0-1: Ball 1-1: Swinging Strike 1-2: Foul Ball, location: 2F 1-2: Foul Ball, location: 2F 1-2: Ball 2-2: Strikes out looking
|
|
Batting: SHB Turner Ward
|
0-0: Ball 1-0: Ball 2-0: Called Strike 2-1: Ball 3-1: Called Strike 3-2: Fly out, F7 (Flyball, 78D, EV 102.5 MPH)
|
|
Pitching: RHP Bob W. Malloy
|
|
|
Batting: LHB Greg Blosser
|
0-0: Ball 1-0: Ball 2-0: Ball 3-0: Called Strike 3-1: Base on Balls Ray Giannelli to second
|
|
Batting: RHB Brent Cookson
|
0-0: Ball 1-0: Foul Ball, location: 2F 1-1: Ball 2-1: Ball 3-1: Foul Ball, location: 2F 3-2: Foul Ball, location: 2F 3-2: Fly out, F9 (Flyball, 89M, EV 94.4 MPH)
|
| Top of the 6th over - 0 runs, 0 hits, 0 errors, 2 left on base; Brooklyn 1 - Buffalo 9 |
| BOTTOM OF THE 6TH |
|
Buffalo Bisons batting - Pitching for Brooklyn Cyclones : RHP Jose Cabrera
|
|
Batting: LHB Matt Stairs
|
0-0: Ball 1-0: Called Strike 1-1: Ball 2-1: Swinging Strike 2-2: Ball 3-2: Foul Ball, location: 2F 3-2: Base on Balls
|
|
Batting: RHB Eddie Zambrano
|
0-0: Ball 1-0: Called Strike 1-1: Called Strike 1-2: Foul Ball, location: 2F 1-2: Ball 2-2: Ball 3-2: SINGLE (Flyball, 8RS, EV 96.9 MPH) Matt Stairs to second
|
|
Batting: SHB Enrique Wilson
|
0-0: Fly out, F7 (Line Drive, 7, EV 86.3 MPH)
|
|
Batting: RHB Tim Spehr
|
0-0: Foul Ball, location: 2F 0-1: Called Strike 0-2: Ball 1-2: Foul Ball, location: 2F 1-2: Ball 2-2: Ball 3-2: Foul Ball, location: 2F 3-2: Foul Ball, location: 2F 3-2: Base on Balls Matt Stairs to third Eddie Zambrano to second
|
|
Batting: SHB David Howard
|
0-0: Foul Ball, location: 2F 0-1: Fly out, F7 (Flyball, 7, EV 93.8 MPH) Runner from 3rd tags up, SCORES, throw by LF Eddie Zambrano to third
|
|
Batting: RHB Robert Eenhoorn
|
0-0: Ground out 2-3 (Groundball, 2R, EV 61.9 MPH)
|
| Bottom of the 6th over - 1 run, 1 hit, 0 errors, 2 left on base; Brooklyn 1 - Buffalo 10 |
| TOP OF THE 7TH |
|
Brooklyn Cyclones batting - Pitching for Buffalo Bisons : RHP Bob W. Malloy
|
|
Batting: RHB Pedro Castellano
|
0-0: Called Strike 0-1: Foul Ball, location: 2F 0-2: Strikes out swinging, 2-3 out at first.
|
|
Batting: LHB Joe Siddall
|
0-0: Swinging Strike 0-1: Swinging Strike 0-2: Strikes out swinging
|
|
Batting: RHB Alan Cockrell
|
0-0: Called Strike 0-1: Foul Ball, location: 2F 0-2: Ball 1-2: Foul Ball, location: 2F 1-2: Ball 2-2: Ball 3-2: Ground out 6-3 (Groundball, 6, EV 92.5 MPH)
|
| Top of the 7th over - 0 runs, 0 hits, 0 errors, 0 left on base; Brooklyn 1 - Buffalo 10 |
| BOTTOM OF THE 7TH |
|
Buffalo Bisons batting - Pitching for Brooklyn Cyclones : RHP Jose Cabrera
|
|
Pinch Hitting: RHB James Mouton
|
0-0: Ball 1-0: SINGLE (Groundball, 56D, EV 95.0 MPH)
|
|
Batting: RHB Manny Martinez
|
0-0: Ball 1-0: Called Strike 1-1: Foul Ball, location: 2F 1-2: Strikes out swinging
|
|
Batting: RHB Kevin Young
|
0-0: Foul Ball, location: 2F 0-1: Called Strike 0-2: Ball 1-2: Ball 2-2: SINGLE (Groundball, 34D, EV 98.1 MPH) James Mouton to second
|
|
Batting: LHB Matt Stairs
|
0-0: Ball 1-0: Ball 2-0: Called Strike 2-1: Fly out, F8 (Flyball, 8LS, EV 91.3 MPH)
|
|
Batting: RHB Eddie Zambrano
|
0-0: Called Strike 0-1: Fly out, F6 (Popup, 6MS, EV 56.9 MPH)
|
| Bottom of the 7th over - 0 runs, 2 hits, 0 errors, 2 left on base; Brooklyn 1 - Buffalo 10 |
| TOP OF THE 8TH |
|
Brooklyn Cyclones batting - Pitching for Buffalo Bisons : RHP Bob W. Malloy
|
|
Now in LF: James Mouton
|
|
|
Batting: RHB Onix Concepcion
|
0-0: Ground out 3-1 (Groundball, 34, EV 101.3 MPH)
|
|
Batting: LHB Ray Giannelli
|
0-0: Foul Ball, location: 2F 0-1: Swinging Strike 0-2: Foul Ball, location: 2F 0-2: Foul Ball, location: 2F 0-2: Strikes out looking
|
|
Batting: RHB Jed Hansen
|
0-0: Called Strike 0-1: Swinging Strike 0-2: Ball 1-2: Foul Ball, location: 2F 1-2: Foul Ball, location: 2F 1-2: Strikes out looking
|
| Top of the 8th over - 0 runs, 0 hits, 0 errors, 0 left on base; Brooklyn 1 - Buffalo 10 |
| BOTTOM OF THE 8TH |
|
Buffalo Bisons batting - Pitching for Brooklyn Cyclones : RHP Jose Cabrera
|
|
Batting: SHB Enrique Wilson
|
0-0: SINGLE (Groundball, 6MD, EV 96.3 MPH)
|
|
Batting: RHB Tim Spehr
|
0-0: Ball 1-0: Ball 2-0: Foul Ball, location: 2F 2-1: Ball 3-1: Base on Balls Enrique Wilson to second
|
|
Pitching: RHP Mike Glendenning
|
|
|
Batting: SHB David Howard
|
0-0: Ball 1-0: Called Strike 1-1: Ball 2-1: Foul Ball, location: 2F 2-2: Ball 3-2: Base on Balls Enrique Wilson to third Tim Spehr to second
|
|
Batting: RHB Robert Eenhoorn
|
0-0: Ball 1-0: Ball Wild Pitch! Enrique Wilson scores Tim Spehr to third David Howard to second 2-0: Fly out, F5 (Popup, 56S, EV 74.4 MPH)
|
|
Batting: RHB James Mouton
|
0-0: Ball 1-0: Called Strike 1-1: Foul Ball, location: 2F 1-2: Foul Ball, location: 2F 1-2: Ball 2-2: Ball 3-2: SINGLE (Flyball, 78S, EV 93.1 MPH) Tim Spehr scores David Howard to third
|
|
Batting: RHB Manny Martinez
|
0-0: Ball 1-0: Ball 2-0: Fly out, F7 (Flyball, 7LM, EV 106.3 MPH) Runner from 3rd tags up, SCORES, throw by LF
|
|
Batting: RHB Kevin Young
|
0-0: Ball 1-0: Foul Ball, location: 2F 1-1: Foul Ball, location: 2F 1-2: Ball Wild Pitch! James Mouton to second 2-2: Ground out 6-3 (Groundball, 6, EV 87.5 MPH)
|
| Bottom of the 8th over - 3 runs, 2 hits, 0 errors, 1 left on base; Brooklyn 1 - Buffalo 13 |
| TOP OF THE 9TH |
|
Brooklyn Cyclones batting - Pitching for Buffalo Bisons : RHP Bob W. Malloy
|
|
Batting: SHB Turner Ward
|
0-0: Ball 1-0: Called Strike 1-1: Swinging Strike 1-2: Foul Ball, location: 2F 1-2: Foul Ball, location: 2F 1-2: Strikes out swinging
|
|
Pitching: LHP Tim Fortugno
|
|
|
Batting: LHB Greg Blosser
|
0-0: Ball 1-0: Called Strike 1-1: Ball 2-1: Called Strike 2-2: Strikes out swinging, 2-3 out at first.
|
|
Batting: RHB Brent Cookson
|
0-0: Ball 1-0: Fly out, F9 (Flyball, 9, EV 73.8 MPH)
|
| Top of the 9th over - 0 runs, 0 hits, 0 errors, 0 left on base; Brooklyn 1 - Buffalo 13 |
|